 Dungeon Crawl Stone Soup version 0.24-a0-275-g6f7e2cb (webtiles) character file.

Game seed: 12307757296153075640

133 nikopol the Magician (level 4, -2/24 HPs)
             Began as a Deep Elf Fire Elementalist on Apr 28, 2019.
             Slain by an orc
             ... wielding a +0 flail
              (9 damage)
             ... on level 3 of the Dungeon.
             The game lasted 00:08:10 (2359 turns).

nikopol the Magician (Deep Elf Fire Elementalist)   Turns: 2359, Time: 00:08:10

Health: -2/24      AC:  2    Str:  5    XL:     4   Next: 94%
Magic:  0/12       EV: 13    Int: 21    God:
Gold:   107        SH:  0    Dex: 15    Spells: 2/12 levels left

rFire    . . .     SeeInvis .   d - +0 dagger
rCold    . . .     Gourm    .   (no shield)
rNeg     . . .     Faith    .   a - +0 robe
rPois    .         Spirit   .   (no helmet)
rElec    .         Reflect  .   (no cloak)
rCorr    .         Harm     .   (no gloves)
MR       .....                  (no boots)
Stlth    ++........             (no amulet)
HPRegen  0.08/turn              (no ring)
MPRegen  0.13/turn              (no ring)

@: no status effects
A: no striking features
a: no special abilities


You were on level 3 of the Dungeon.
You were not hungry.

You visited 1 branch of the dungeon, and saw 3 of its levels.

You collected 107 gold pieces.

Inventory:

Hand Weapons
 d - a +0 dagger (weapon)
Armour
 a - a +0 robe (worn)
Scrolls
 b - a scroll of amnesia {unknown}
 h - 2 scrolls of noise {unknown}
 i - 6 scrolls of teleportation {unknown}
 j - 3 scrolls of remove curse {unknown}
 k - 4 scrolls of identify {unknown}
Potions
 e - 2 potions of agility {unknown}
 f - 2 potions of ambrosia {unknown}
 g - a potion of degeneration {unknown}
 l - a potion of cancellation {unknown}
 m - a potion of invisibility {unknown}
 n - a potion of lignification {unknown}
Comestibles
 c - 6 rations
 o - 6 chunks of flesh


   Skills:
 + Level 2.6 Dodging
 + Level 3.4 Stealth
 + Level 4.5 Spellcasting
 + Level 2.5 Conjurations
 + Level 4.4 Fire Magic


You had 2 spell levels left.
You knew the following spells:

 Your Spells              Type           Power        Failure   Level  Hunger
a - Flame Tongue          Conj/Fire      ###..        2%          1    None
b - Throw Flame           Conj/Fire      ###...       4%          2    #......
c - Conjure Flame         Conj/Fire      ###.....     9%          3    ##.....
d - Sticky Flame          Conj/Fire      ###.....     26%         4    ####...

Your spell library contained the following spells:

 Spells                   Type           Power        Failure   Level  Hunger
 Inner Flame              Hex/Fire       ##......     14%         3    ##.....
 Fireball                 Conj/Fire      ###.......   58%         5    ######.


Dungeon Overview and Level Annotations

Branches:
Dungeon (3/15)

Altars:

Annotations:
D:2 Sigmund
D:3 3 runed translucent doors, Ijyb; Stiffzip's ghost, amateur SpGl


Message History

The orc wizard gestures at you while chanting.
The puff of flame misses you.
Casting: Flame Tongue (safe; 2% risk of failure)
Confirm with . or Enter, or press ? or * to list all spells.
You don't have enough magic to cast that spell.
Unknown command.
You closely miss the orc wizard.
The orc wizard is severely wounded.
The orc wizard points at you and mumbles some strange words.
The magic dart hits you.
* * * LOW HITPOINT WARNING * * *
Casting: Flame Tongue (safe; 2% risk of failure)
Confirm with . or Enter, or press ? or * to list all spells.
Aiming: Flame Tongue (safe; 2% risk of failure)
Press: ? - help, Shift-Dir - straight line, f/p - orc wizard
Aim: an orc wizard, wielding a +0 dagger and wearing a +0 robe (severely wounded)
The flame tongue hits the orc wizard but does no damage.
The orc wizard is severely wounded.
The orc hits you with a +0 flail!
You die...

##♣≈≈..........
#≈♣..P≈≈P≈≈P≈ ≈≈
#.....♣♣P≈≈P♣♣♣ ≈≈P≈
#.....÷♣♣♣♣♣♣≈♣♣P≈≈≈≈
#...>...♣≈♣##.#.P♣≈≈♣
#....................
#.............>......
##........#..........
##.........@o.g......
#...........o........
#........)..)........
#...............#.###
#.......###+++###..
#.......#..ZZW..#
##......##.....##
##.....#$......#
########..?$.##


You could see Ijyb, an orc wizard, Stiffzip's ghost, an orc, a quokka zombie and
a bullfrog skeleton.

Vanquished Creatures
  Terence (D:2)
  Jessica (D:2)
  An adder (D:2)
  A worm (D:2)
  4 dart slugs (D:1)
  3 orcs
  6 bats
  A giant cockroach (D:1)
  8 goblins
  14 hobgoblins
  A quokka (D:2)
  2 ball pythons
  3 frilled lizards
  6 kobolds
  3 rats
55 creatures vanquished.

Notes
Turn   | Place    | Note
-------+----------+-------------------------------------------
     0 | D:1      | nikopol the Deep Elf Fire Elementalist began the quest for
                  | the Orb.
     0 | D:1      | Reached XP level 1. HP: 10/10 MP: 6/6
    89 | D:1      | Reached XP level 2. HP: 15/15 MP: 0/8
   671 | D:1      | Reached XP level 3. HP: 19/19 MP: 1/9
  1370 | D:2      | Noticed Jessica
  1378 | D:2      | Killed Jessica
  1378 | D:2      | Reached XP level 4. HP: 15/24 MP: 4/12
  1444 | D:2      | Found a faded altar of an unknown god.
  1485 | D:2      | Noticed Terence
  1495 | D:2      | Learned a level 2 spell: Throw Flame
  1499 | D:2      | Learned a level 3 spell: Conjure Flame
  1504 | D:2      | Learned a level 4 spell: Sticky Flame
  1525 | D:2      | Killed Terence
  1693 | D:2      | Noticed Sigmund
  2323 | D:3      | Found a runed translucent gate.
  2323 | D:3      | Found a runed translucent gate.
  2323 | D:3      | Found a runed translucent gate.
  2335 | D:3      | Noticed Stiffzip's ghost (amateur SpGl)
  2354 | D:3      | Noticed Ijyb
  2359 | D:3      | Slain by an orc

Levels and vault maps discovered:
D:1:      mrwooster_arrival_statue_3, layout_basic
D:2:      wander_river, layout_rooms, chequers_ecumenical_altar_island,
          first_ration, serial_park_tiny_1, uniq_terence, uniq_sigmund,
          uniq_jessica
D:3:      layout_rooms, gammafunk_ghost_necromancy, serial_bayou_lagoon_b,
          uniq_ijyb

Skill      XL: |  1  2  3 |
---------------+----------+-----
Stealth        | 3 |  3.4
Fire Magic     | 4 |  4.4
Spellcasting   | 4 |  4.5
Conjurations   | 2 |  2.5
Dodging        | |  2.6

Action                   |  1- 3 |  4- 6 || total
-------------------------+-------+-------++-------
Melee: Dagger            |     2 |     1 ||     3
 Cast: Flame Tongue      |    72 |    45 ||   117
       Throw Flame       |       |     8 ||     8
       Conjure Flame     |       |     1 ||     1
  Eat: Chunk             |     1 |     3 ||     4
Armor: Robe              |     1 |       ||     1
Dodge: Dodged            |    20 |     7 ||    27

Table legend:
 A = Non-vault XP
 B = Vault XP
 C = Vault XP percentage of total XP
 D = Non-vault monster count
 E = Vault monster count
 F = Vault count percentage of total count
                 A         B        C        D         E       F
            +---------+---------+-------+---------+---------+-------
      Total |     116 |      75 |  39.3 |      53 |       2 |   3.6
            +---------+---------+-------+---------+---------+-------
        D:1 |      52 |       0 |   0.0 |      26 |       0 |   0.0
        D:2 |      56 |      75 |  57.3 |      23 |       2 |   8.0
        D:3 |       8 |       0 |   0.0 |       4 |       0 |   0.0
            +---------+---------+-------+---------+---------+-------
